AoeStats
← riskybusiness69

Arabia

510207366Analyzed
1v1 RM · 3d ago on Sep 29, 2026· 43m 33s· 2 players
Game mode
Random Map
Map size
Tiny (2 player)
Population
200
Speed
Normal
Resources
Standard
Victory
Conquest
Starting age
Dark Age
Ending age
Imperial Age
RankedLock teamsTeams togetherTeam positionsShared explorationLock speedFull tech treeHidden civsTurbo modeCheats
Victory
Defeat
🇺🇸 Saxons · United States
667
+16
🇺🇸 Slavs · United States
663
-35
riskybusiness69
0:58 Loom
10:48 Feudal Age
11:14 Double-Bit Axe
13:38 Scale Barding Armor
17:57 Castle Age
18:04 Horse Collar
19:30 Bow Saw
20:53 Wheelbarrow
21:09 Light Cavalry
22:47 Heavy Plow
28:35 Bloodlines
27:51 Pikeman
36:39 Hand Cart
38:58 Chain Barding Armor
38:32 Elite Skirmisher
39:42 Gold Mining
39:44 Stone Mining
39:58 Scale Mail Armor
MattyFingahZ
13:05 Feudal Age
14:20 Double-Bit Axe
14:20 Horse Collar
20:45 Castle Age
21:24 Fletching
21:44 Crossbowman
22:27 Bodkin Arrow
22:30 Loom
24:01 Thumb Ring
24:38 Bow Saw
25:43 Wheelbarrow
34:06 Imperial Age
31:52 Hand Cart
31:22 Town Watch
33:46 Pikeman
34:52 Bracer
34:19 Arbalester
35:41 Scale Mail Armor
35:52 Forging
36:37 Conscription
36:54 Hoardings
36:46 Gold Mining
38:03 Ballistics
38:46 Chemistry
38:53 Halberdier
39:34 Squires
39:55 Chain Mail Armor
40:59 Padded Archer Armor
Connection lost

Rejoining the realm…

Still unreachable

The connection could not be restored.

Session expired

The server has moved on; the page needs a fresh start.